AoeStats
← aykut.kaya35

Arena

510367545Analyzed
2v2 RM · 22h ago on Sep 30, 2026· 37m 54s· 4 players
Game mode
Random Map
Map size
Medium (4 player)
Population
200
Speed
Normal
Resources
Standard
Victory
Conquest
Starting age
Dark Age
Ending age
Imperial Age
RankedLock teamsTeams togetherTeam positionsShared explorationLock speedFull tech treeHidden civsTurbo modeCheats
Victory
Defeat
🇹🇷 Britons · Türkiye
995
+17
🇹🇷 Turks · Türkiye
967
+43
🇨🇭 Berbers · Switzerland
1009
-17
🇨🇭 Mongols · Switzerland
1007
-17
aykut.kaya35
0:30 Loom
11:19 Feudal Age
18:33 Castle Age
18:09 Gold Mining
20:05 Double-Bit Axe
22:04 Gold Shaft Mining
21:39 Husbandry
22:14 Scale Barding Armor
28:34 Imperial Age
34:44 Fletching
38:32 Conscription
38:27 Forging
Lazarus
0:28 Loom
11:06 Feudal Age
12:18 Double-Bit Axe
12:16 Horse Collar
12:29 Gold Mining
21:15 Castle Age
22:35 Bow Saw
26:16 Gold Shaft Mining
25:43 Heavy Plow
32:59 Squires
32:47 Gambesons
32:24 Pikeman
35:51 Imperial Age
33:54 Pikeman
34:23 Gambesons
35:42 Wheelbarrow
35:32 Fletching
35:46 Padded Archer Armor
36:41 Murder Holes
37:14 Ballistics
Senstu
7:31 Loom
11:12 Feudal Age
15:31 Castle Age
14:08 Horse Collar
16:19 Double-Bit Axe
17:35 Wheelbarrow
17:28 Padded Archer Armor
17:18 Fletching
21:05 Forging
23:30 Bow Saw
24:41 Iron Casting
26:09 Scale Barding Armor
28:36 Chain Barding Armor
29:13 Husbandry
30:22 Hand Cart
30:41 Bloodlines
37:16 Imperial Age
36:16 Town Watch
673
5:47 Loom
11:32 Feudal Age
17:00 Castle Age
14:45 Horse Collar
14:53 Double-Bit Axe
21:28 Forging
21:23 Scale Barding Armor
22:37 Fletching
23:09 Heavy Plow
25:27 Bodkin Arrow
25:32 Padded Archer Armor
29:47 Wheelbarrow
29:16 Elite Skirmisher
31:04 Husbandry
31:15 Bloodlines
35:51 Leather Archer Armor
Connection lost

Rejoining the realm…

Still unreachable

The connection could not be restored.

Session expired

The server has moved on; the page needs a fresh start.